General information
- name: BNet
- type: Ladder team game (AT/RT)
- host: Battle.net
- saver: OrcishHoard
map: Battleground
- players: 8
- length: 40:08
- speed: Fast
- version: 1.28 W3XP
- replay type: Public
» download(282 KB)
Players
team 1 (winner)
JEWHAUS (
pink | 87 APM | 2050 actions | 23:40)
5 Blademaster
3 Wind Walk
2 Critical Strike
4 Shadow Hunter
2 Hex
2 Healing Wave
» actions
| Assign group hotkey | 10 | |
| Build / train | 93 | |
| Enter build submenu | 13 | |
| Enter hero's abilities submenu | 9 | |
| Give item / drop item | 1 | |
| Remove unit from queue | 2 | |
| Right click | 1398 | |
| Select / deselect | 273 | |
| Select group hotkey | 38 | |
| Use ability | 213 | |
2050 total
» units
| Peon | 6 | |
| Grunt | 15 | |
| Forest Troll Berserker | 4 | |
| Forest Troll Shadow Priest | 4 | |
| Raider | 17 | |
46 total
» upgrades
| Melee Weapons | 2 | |
| Ensnare | 1 | |
| Berserker Strength | 1 | |
| Armor | 2 | |
6 total
» buildings
| Altar of Storms | 1 | |
| Orc Burrow | 7 | |
| Barracks | 1 | |
| Voodoo Lounge | 1 | |
| War Mill | 1 | |
| Stronghold | 3 | |
| Watch Tower | 1 | |
| Beastiary | 1 | |
16 total
» build order
00:11 Altar of Storms
00:21 Orc Burrow
00:35 Barracks
01:32 Orc Burrow
01:51 Voodoo Lounge
02:11 War Mill
03:19 Stronghold
03:19 Stronghold
04:03 Orc Burrow
05:54 Watch Tower
06:03 Beastiary
07:58 Orc Burrow
07:59 Orc Burrow
08:01 Orc Burrow
18:50 Orc Burrow
» items
| Healing Salve | 3 | |
| Potion of Mana | 1 | |
| Scroll of Town Portal | 2 | |
| Lesser Clarity Potion | 2 | |
| Dust of Appearance | 1 | |
| Circlet of Nobility | 1 | |
| Scroll of Healing | 1 | |
| Scroll of Protection | 1 | |
12 total

»
ehavne (
blue | 37 APM | 867 actions | 23:36)
5 Priestess of the Moon
2 Searing Arrows
3 Trueshot Aura
» actions
| Assign group hotkey | 20 | |
| Basic commands | 95 | |
| Build / train | 73 | |
| ESC pressed | 14 | |
| Enter build submenu | 20 | |
| Enter hero's abilities submenu | 5 | |
| Give item / drop item | 1 | |
| Right click | 225 | |
| Select / deselect | 329 | |
| Select group hotkey | 43 | |
| Use ability | 42 | |
867 total
» units
| Wisp | 17 | |
| Archer | 24 | |
| Hippogryph | 16 | |
57 total
» upgrades
| Strength of the Moon | 2 | |
| Hippogryph Taming | 1 | |
| Improved Bows | 1 | |
| Moon Armor | 1 | |
| Strength of the Wild | 2 | |
7 total
» buildings
| Altar of Elders | 1 | |
| Moon Well | 10 | |
| Ancient of War | 3 | |
| Ancient of Wonders | 1 | |
| Hunter's Hall | 1 | |
| Tree of Ages | 1 | |
| Ancient of Wind | 3 | |
| Tree of Eternity | 1 | |
21 total
» build order
00:04 Altar of Elders
00:21 Moon Well
00:38 Ancient of War
01:36 Moon Well
02:04 Ancient of Wonders
02:26 Moon Well
02:40 Moon Well
04:36 Hunter's Hall
04:55 Tree of Ages
05:48 Moon Well
07:16 Ancient of Wind
08:12 Ancient of Wind
08:35 Ancient of Wind
08:38 Ancient of War
08:41 Moon Well
08:43 Tree of Eternity
09:55 Moon Well
10:54 Moon Well
13:44 Ancient of War
21:48 Moon Well
23:23 Moon Well
» items
OrcishHoard (
orange | 109 APM | 4376 actions | 40:08)
9 Blademaster
3 Wind Walk
3 Critical Strike
2 Bladestorm
1 Mirror Image
1 Shadow Hunter
1 Hex
» actions
| Assign group hotkey | 94 | |
| Basic commands | 87 | |
| Build / train | 134 | |
| ESC pressed | 10 | |
| Enter build submenu | 83 | |
| Enter hero's abilities submenu | 10 | |
| Give item / drop item | 12 | |
| Remove unit from queue | 1 | |
| Right click | 2144 | |
| Select / deselect | 441 | |
| Select group hotkey | 980 | |
| Use ability | 380 | |
4376 total
» units
| Peon | 22 | |
| Grunt | 11 | |
| Troll Headhunter/Berserker | 9 | |
| Troll Batrider | 11 | |
| Wisp | 5 | |
| Wind Rider | 1 | |
59 total
» upgrades
| Ranged Weapons | 3 | |
| Armor | 2 | |
| Troll Regeneration | 1 | |
| Reinforced Defenses | 1 | |
| Berserker Upgrade | 1 | |
| Berserker Strength | 1 | |
| Pillage | 1 | |
| Envenomed Spears | 2 | |
| War Drums Damage Increase | 1 | |
| Spiked Barricades | 1 | |
| Liquid Fire | 1 | |
| Nature's Blessing | 1 | |
16 total
» buildings
| Orc Burrow | 10 | |
| Altar of Storms | 1 | |
| Barracks | 1 | |
| Voodoo Lounge | 3 | |
| War Mill | 2 | |
| Stronghold | 3 | |
| Watch Tower | 38 | |
| Great Hall | 1 | |
| Fortress | 4 | |
| Beastiary | 4 | |
| Ancient Protector | 6 | |
73 total
» build order
00:07 Orc Burrow
00:11 Orc Burrow
00:50 Altar of Storms
01:24 Barracks
01:40 Voodoo Lounge
02:09 War Mill
03:13 Orc Burrow
04:12 Stronghold
04:12 Stronghold
05:59 Watch Tower
06:00 Watch Tower
07:04 Great Hall
07:29 Watch Tower
07:31 Watch Tower
08:00 Fortress
08:01 Fortress
08:01 Fortress
08:31 Watch Tower
08:34 Watch Tower
09:42 Watch Tower
10:27 Watch Tower
10:29 Watch Tower
12:05 Watch Tower
12:33 Orc Burrow
12:36 Watch Tower
13:06 Orc Burrow
14:11 Watch Tower
14:12 Watch Tower
15:30 Orc Burrow
15:39 Voodoo Lounge
16:30 Beastiary
16:32 Beastiary
18:05 Watch Tower
18:06 Watch Tower
18:09 Watch Tower
18:13 Watch Tower
18:15 Watch Tower
18:35 Watch Tower
18:49 Watch Tower
18:52 Watch Tower
23:33 Beastiary
23:34 Beastiary
23:52 Ancient Protector
23:53 Ancient Protector
24:33 Ancient Protector
24:35 Ancient Protector
24:40 Ancient Protector
24:52 Ancient Protector
25:17 Watch Tower
25:18 Watch Tower
25:20 Watch Tower
26:02 Watch Tower
26:03 Watch Tower
26:05 Watch Tower
26:25 Watch Tower
26:43 Watch Tower
30:11 War Mill
34:35 Orc Burrow
34:54 Orc Burrow
34:58 Watch Tower
35:25 Watch Tower
36:19 Watch Tower
36:23 Watch Tower
36:46 Watch Tower
37:07 Voodoo Lounge
37:17 Orc Burrow
38:24 Watch Tower
38:47 Watch Tower
38:54 Orc Burrow
39:52 Watch Tower
39:58 Watch Tower
» items
| Scroll of Speed | 1 | |
| Lesser Clarity Potion | 7 | |
| Healing Salve | 10 | |
| Orb of Lightning | 1 | |
| Scroll of Town Portal | 2 | |
| Tiny Great Hall | 2 | |
| Potion of Mana | 1 | |
| Potion of Healing | 1 | |
25 total
CSEVEN (
red | 40 APM | 930 actions | 23:24)
5 Keeper of the Grove
2 Force of Nature
3 Entangling Roots
» actions
| Basic commands | 17 | |
| Build / train | 89 | |
| Enter build submenu | 17 | |
| Enter hero's abilities submenu | 5 | |
| Give item / drop item | 1 | |
| Remove unit from queue | 4 | |
| Right click | 414 | |
| Select / deselect | 302 | |
| Use ability | 81 | |
930 total
» units
| Wisp | 24 | |
| Archer | 14 | |
| Huntress | 2 | |
| Forest Troll Shadow Priest | 2 | |
| Ogre Mauler | 2 | |
| Hippogryph | 8 | |
| Chimaera | 5 | |
57 total
» upgrades
| Strength of the Moon | 1 | |
| Moon Armor | 1 | |
| Improved Bows | 1 | |
| Reinforced Hides | 1 | |
| Strength of the Wild | 2 | |
| Marksmanship | 1 | |
| Hippogryph Taming | 1 | |
| Corrosive Breath | 1 | |
9 total
» buildings
| Moon Well | 5 | |
| Altar of Elders | 1 | |
| Hunter's Hall | 1 | |
| Ancient of War | 3 | |
| Tree of Life | 2 | |
| Tree of Ages | 1 | |
| Tree of Eternity | 1 | |
| Ancient of Wind | 1 | |
| Chimaera Roost | 2 | |
| Ancient of Lore | 1 | |
18 total
» build order
00:30 Moon Well
01:00 Altar of Elders
01:43 Moon Well
01:51 Hunter's Hall
02:25 Ancient of War
02:37 Ancient of War
02:42 Ancient of War
03:04 Moon Well
04:35 Moon Well
06:27 Tree of Life
06:57 Tree of Ages
09:18 Tree of Eternity
09:23 Ancient of Wind
12:59 Chimaera Roost
13:03 Chimaera Roost
15:08 Tree of Life
15:13 Ancient of Lore
16:44 Moon Well
» items
| Periapt of Vitality | 1 | |
| Scroll of Protection | 1 | |
| Circlet of Nobility | 1 | |
| Dust of Appearance | 1 | |
| Tiny Great Hall | 1 | |
| Potion of Healing | 2 | |
| Healing Salve | 1 | |
| Lesser Clarity Potion | 1 | |
| Potion of Mana | 2 | |
11 total
team 2 (loser)
jack_mehoff (
purple | 34 APM | 1380 actions | 40:07)
5 Death Knight
2 Death Coil
1 Death Pact
2 Unholy Aura
2 Lich
1 Frost Nova
1 Frost Armor
» actions
| Build / train | 72 | |
| Enter build submenu | 38 | |
| Enter hero's abilities submenu | 7 | |
| Give item / drop item | 1 | |
| Right click | 705 | |
| Select / deselect | 398 | |
| Use ability | 159 | |
1380 total
» units
| Acolyte | 9 | |
| Ghoul | 3 | |
| Crypt Fiend | 18 | |
| Forest Troll Shadow Priest | 3 | |
| Obsidian Statue | 3 | |
36 total
» upgrades
| Creature Carapace | 2 | |
| Web | 1 | |
| Creature Attack | 2 | |
5 total
» buildings
| Altar of Darkness | 1 | |
| Crypt | 1 | |
| Ziggurat | 22 | |
| Graveyard | 1 | |
| Tomb of Relics | 1 | |
| Nerubian Tower | 2 | |
| Halls of the Dead | 1 | |
| Spirit Tower | 6 | |
| Slaughterhouse | 1 | |
| Sacrificial Pit | 2 | |
| Necropolis | 2 | |
| Black Citadel | 1 | |
41 total
» build order
00:30 Altar of Darkness
00:33 Crypt
00:37 Ziggurat
01:02 Graveyard
01:41 Tomb of Relics
02:01 Ziggurat
02:14 Nerubian Tower
03:56 Ziggurat
04:43 Halls of the Dead
06:33 Ziggurat
06:48 Spirit Tower
07:33 Slaughterhouse
10:43 Sacrificial Pit
12:30 Ziggurat
12:45 Ziggurat
13:15 Ziggurat
13:32 Spirit Tower
13:37 Nerubian Tower
14:03 Ziggurat
14:21 Spirit Tower
16:20 Sacrificial Pit
16:59 Ziggurat
17:01 Ziggurat
17:07 Ziggurat
17:54 Spirit Tower
18:28 Spirit Tower
18:32 Ziggurat
19:49 Ziggurat
20:02 Ziggurat
20:06 Ziggurat
20:09 Ziggurat
21:45 Ziggurat
22:34 Ziggurat
22:39 Ziggurat
22:47 Ziggurat
22:50 Ziggurat
24:31 Necropolis
24:36 Necropolis
24:42 Ziggurat
25:04 Spirit Tower
26:37 Black Citadel
» items
| Rod of Necromancy | 2 | |
| Potion of Mana | 1 | |
| Scroll of Town Portal | 1 | |
| Sacrificial Skull | 1 | |
| Lesser Clarity Potion | 2 | |
| Scroll of Regeneration | 1 | |
| Scroll of Protection | 2 | |
| Potion of Lesser Invulnerability | 2 | |
12 total

»
1R4g3Qu1t (
yellow | 57 APM | 1648 actions | 29:01)
5 Lich
3 Frost Nova
2 Frost Armor
3 Death Knight
2 Death Coil
1 Death Pact
4 Pit Lord
2 Cleaving Attack
2 Howl of Terror
» actions
| Assign group hotkey | 69 | |
| Basic commands | 188 | |
| Build / train | 79 | |
| ESC pressed | 1 | |
| Enter build submenu | 25 | |
| Enter hero's abilities submenu | 14 | |
| Give item / drop item | 4 | |
| Right click | 392 | |
| Select / deselect | 277 | |
| Select group hotkey | 503 | |
| Use ability | 96 | |
1648 total
» units
| Acolyte | 9 | |
| Ghoul | 3 | |
| Crypt Fiend | 12 | |
| Frost Wyrm | 8 | |
32 total
» upgrades
| Web | 1 | |
| Creature Attack | 3 | |
| Creature Carapace | 3 | |
| Ghoul Frenzy | 1 | |
| Freezing Breath | 1 | |
9 total
» buildings
| Ziggurat | 9 | |
| Crypt | 1 | |
| Altar of Darkness | 1 | |
| Graveyard | 1 | |
| Tomb of Relics | 1 | |
| Halls of the Dead | 1 | |
| Necropolis | 1 | |
| Black Citadel | 2 | |
| Spirit Tower | 2 | |
| Sacrificial Pit | 1 | |
| Boneyard | 3 | |
23 total
» build order
00:41 Ziggurat
00:54 Crypt
00:56 Altar of Darkness
01:09 Graveyard
01:21 Tomb of Relics
01:38 Ziggurat
03:05 Ziggurat
04:42 Halls of the Dead
05:37 Ziggurat
05:49 Ziggurat
06:40 Ziggurat
10:16 Necropolis
11:05 Black Citadel
11:05 Black Citadel
11:56 Ziggurat
11:58 Ziggurat
12:42 Ziggurat
13:09 Spirit Tower
13:15 Sacrificial Pit
13:59 Spirit Tower
14:12 Boneyard
14:17 Boneyard
14:21 Boneyard
» items
| Rod of Necromancy | 1 | |
| Circlet of Nobility | 4 | |
| Scroll of Town Portal | 6 | |
| Boots of Speed | 2 | |
| Periapt of Vitality | 1 | |
| Orb of Corruption | 1 | |
| Potion of Healing | 1 | |
16 total
^_- (
teal | 72 APM | 2901 actions | 40:07)
7 Archmage
3 Summon Water Elemental
3 Brilliance Aura
1 Mass Teleport
» actions
| Assign group hotkey | 85 | |
| Basic commands | 436 | |
| Build / train | 92 | |
| Enter build submenu | 68 | |
| Enter hero's abilities submenu | 8 | |
| Give item / drop item | 6 | |
| Remove unit from queue | 1 | |
| Right click | 789 | |
| Select / deselect | 597 | |
| Select group hotkey | 488 | |
| Use ability | 331 | |
2901 total
» units
| Peasant | 17 | |
| Footman | 5 | |
| Dragonhawk Rider | 8 | |
| Gryphon Rider | 6 | |
36 total
» upgrades
| Lumber Harvesting | 2 | |
| Masonry | 3 | |
| Swords | 3 | |
| Armor | 3 | |
| Animal War Training | 1 | |
| Cloud | 1 | |
| Magic Sentry | 1 | |
| Storm Hammers | 1 | |
15 total
» buildings
| Altar of Kings | 1 | |
| Barracks | 2 | |
| Farm | 11 | |
| Scout Tower | 50 | |
| Arcane Tower | 2 | |
| Arcane Vault | 2 | |
| Keep | 1 | |
| Lumber Mill | 1 | |
| Gryphon Aviary | 4 | |
| Town Hall | 1 | |
| Guard Tower | 15 | |
| Blacksmith | 2 | |
| Castle | 1 | |
| Arcane Sanctum | 1 | |
94 total
» build order
00:37 Altar of Kings
00:38 Barracks
00:49 Farm
00:59 Barracks
01:02 Farm
01:04 Farm
01:39 Farm
02:00 Scout Tower
02:28 Arcane Tower
02:58 Arcane Vault
03:53 Keep
05:22 Lumber Mill
05:24 Scout Tower
06:02 Arcane Tower
06:32 Gryphon Aviary
06:32 Gryphon Aviary
07:21 Scout Tower
07:21 Scout Tower
07:22 Scout Tower
07:23 Scout Tower
07:59 Farm
09:01 Town Hall
09:03 Scout Tower
09:03 Scout Tower
09:04 Scout Tower
09:04 Scout Tower
09:05 Scout Tower
09:05 Scout Tower
09:49 Guard Tower
09:54 Guard Tower
10:11 Arcane Vault
10:29 Guard Tower
10:57 Blacksmith
11:00 Blacksmith
11:46 Castle
13:55 Scout Tower
13:56 Scout Tower
13:56 Scout Tower
14:01 Scout Tower
14:02 Scout Tower
14:02 Scout Tower
14:13 Scout Tower
14:14 Scout Tower
14:16 Scout Tower
14:18 Scout Tower
14:21 Scout Tower
14:23 Scout Tower
14:26 Scout Tower
15:10 Guard Tower
15:27 Guard Tower
15:27 Guard Tower
16:35 Scout Tower
16:38 Scout Tower
18:49 Gryphon Aviary
18:49 Gryphon Aviary
18:56 Guard Tower
18:58 Scout Tower
19:00 Scout Tower
19:42 Guard Tower
19:43 Scout Tower
21:26 Arcane Sanctum
21:53 Guard Tower
21:54 Scout Tower
21:56 Scout Tower
23:47 Farm
23:47 Farm
23:47 Farm
23:48 Farm
23:48 Farm
23:50 Farm
23:54 Scout Tower
23:55 Scout Tower
23:55 Scout Tower
23:55 Scout Tower
23:56 Scout Tower
23:58 Scout Tower
23:58 Scout Tower
23:58 Scout Tower
23:59 Scout Tower
24:00 Scout Tower
24:02 Scout Tower
24:02 Scout Tower
24:02 Scout Tower
24:03 Scout Tower
24:06 Guard Tower
25:41 Guard Tower
25:43 Guard Tower
25:45 Guard Tower
25:48 Guard Tower
26:21 Scout Tower
26:21 Scout Tower
26:23 Scout Tower
28:36 Guard Tower
35:25 Guard Tower
» items
| Scroll of Town Portal | 4 | |
| Potion of Healing | 3 | |
| Staff of Sanctuary | 1 | |
| Scroll of Regeneration | 1 | |
| Mechanical Critter | 2 | |
| Potion of Lesser Invulnerability | 1 | |
| Periapt of Vitality | 1 | |
13 total

»
Ourumov198 (
green | 87 APM | 3276 actions | 37:32)
6 Blademaster
3 Wind Walk
2 Critical Strike
1 Bladestorm
4 Tauren Chieftain
2 War Stomp
2 Endurance Aura
2 Shadow Hunter
1 Hex
1 Healing Wave
» actions
| Assign group hotkey | 40 | |
| Basic commands | 99 | |
| Build / train | 66 | |
| ESC pressed | 2 | |
| Enter build submenu | 28 | |
| Enter hero's abilities submenu | 12 | |
| Right click | 1236 | |
| Select / deselect | 1124 | |
| Select group hotkey | 510 | |
| Use ability | 156 | |
3276 total
» units
| Peon | 7 | |
| Grunt | 4 | |
| Tauren | 5 | |
| Shaman | 8 | |
| Troll Witch Doctor | 4 | |
| Spirit Walker | 3 | |
31 total
» upgrades
| Berserker Strength | 1 | |
| Shaman Training | 2 | |
| Pulverize | 1 | |
| Witch Doctor Training | 2 | |
| Spirit Walker Training | 2 | |
| Melee Weapons | 1 | |
9 total
» buildings
| Altar of Storms | 1 | |
| Orc Burrow | 9 | |
| Barracks | 1 | |
| Voodoo Lounge | 2 | |
| Stronghold | 1 | |
| War Mill | 1 | |
| Watch Tower | 4 | |
| Fortress | 1 | |
| Spirit Lodge | 3 | |
| Tauren Totem | 1 | |
| Great Hall | 2 | |
26 total
» build order
00:08 Altar of Storms
00:10 Orc Burrow
00:53 Barracks
01:25 Voodoo Lounge
01:46 Orc Burrow
03:09 Stronghold
03:31 War Mill
04:01 Orc Burrow
04:59 Watch Tower
05:31 Fortress
06:19 Spirit Lodge
07:50 Watch Tower
07:52 Orc Burrow
08:09 Tauren Totem
10:23 Voodoo Lounge
10:49 Watch Tower
10:51 Watch Tower
11:56 Orc Burrow
18:51 Spirit Lodge
21:42 Orc Burrow
22:58 Orc Burrow
25:26 Orc Burrow
26:29 Spirit Lodge
26:49 Great Hall
31:37 Orc Burrow
32:04 Great Hall
» items
| Healing Salve | 2 | |
| Orb of Lightning | 2 | |
| Potion of Lesser Invulnerability | 1 | |
| Periapt of Vitality | 1 | |
| Boots of Speed | 1 | |
| Potion of Healing | 1 | |
8 total
Chat log
(00:07 / Allies) ehavne: hey
(00:08 / Allies) ehavne: units all?
(00:17 / Allies) JEWHAUS: melee
(00:24 / Allies) OrcishHoard: yeah I make units
(00:32 / Allies) ehavne: awesome
(01:10 / All) ^_-: dun goofed muh build
(01:28 / All) CSEVEN: i would expect that
(01:36 / All) CSEVEN: from anoob
(06:09 / Allies) CSEVEN: goddam
(06:13 / Allies) CSEVEN: creep youer own shit
(06:20 / Allies) OrcishHoard: it's a team game son
(06:23 / Allies) ehavne: .
(06:25 / Allies) ehavne: go solo
(06:36 / Allies) CSEVEN: your stealing my fucknig exp
(06:44 / Allies) JEWHAUS: guuys
(06:45 / Allies) OrcishHoard: it's not "your" xp
(06:56 / Allies) JEWHAUS: GUYS
(06:59 / Allies) JEWHAUS: IDIOtS?
(07:00 / Allies) OrcishHoard: omw
(07:03 / Allies) CSEVEN: on my way
(07:42 / Allies) JEWHAUS: counter
(07:43 / Allies) JEWHAUS: and win
(07:55 / Allies) ehavne: let red go alone
(08:04 / Allies) ehavne: he soloes
(08:31 / Allies) JEWHAUS: wood
(08:31 / Allies) JEWHAUS: pls
(09:06 / All) CSEVEN: dust B
(09:32 / Allies) JEWHAUS: im b
(11:30 / Allies) ehavne: they going to creep
(12:07 / Allies) JEWHAUS: get ready
(12:07 / Allies) JEWHAUS: guys
(13:07 / Allies) JEWHAUS: GUYS
(13:17 / Allies) ehavne: ?
(13:18 / Allies) JEWHAUS: oj
(13:20 / Allies) JEWHAUS: no team work
(13:31 / Allies) JEWHAUS: LOOLL
(13:39 / Allies) JEWHAUS: they taking OUR expo
(13:46 / Allies) OrcishHoard: let's hit it
(13:59 / Allies) ehavne: oj
(14:01 / Allies) ehavne: gold plz?
(14:21 / Allies) ehavne: oj gold
(14:24 / Allies) ehavne: you got 2k
(15:12 / Allies) JEWHAUS: ORANGE
(15:14 / Allies) JEWHAUS: GOLDd
(15:14 / Allies) JEWHAUS: US
(15:20 / Allies) OrcishHoard: it's in the mines
(15:33 / Allies) ehavne: amazing
(16:15 / All) ^_-: awesome path finding
(16:20 / Allies) JEWHAUS: guys
(16:22 / Allies) JEWHAUS: oj 5k
(16:23 / Allies) JEWHAUS: lol
(16:30 / Allies) JEWHAUS: 5,000 gold
(16:33 / Allies) JEWHAUS: 5 thousand
(16:34 / Allies) ehavne: and 40 food
(16:34 / Allies) JEWHAUS: fucking
(16:42 / Allies) OrcishHoard: I've had hundreds of thousands before
(16:44 / Allies) OrcishHoard: that's chump change
(17:00 / Allies) OrcishHoard: hit here
(17:03 / Allies) JEWHAUS: ORANGE
(17:05 / Allies) JEWHAUS: GOLD US
(17:07 / Allies) OrcishHoard: stfu
(17:13 / Allies) OrcishHoard: I do what I want with my gold
(17:15 / Allies) OrcishHoard: it's my money, I earned it
(17:22 / Allies) OrcishHoard: the 1% does not have to give to the 99%
(17:27 / Allies) JEWHAUS: :D
(17:32 / Allies) JEWHAUS: nah
(17:35 / Allies) JEWHAUS: u go help urself
(17:42 / Allies) ehavne: its our units
(17:43 / Allies) JEWHAUS: :D
(17:46 / Allies) ehavne: we do what we want with them
(17:47 / Allies) OrcishHoard: I helped at your base earlier pink
(17:51 / Allies) JEWHAUS: fuck off
(17:52 / Allies) JEWHAUS: :D
(18:22 / Allies) JEWHAUS: headass talkin bout i earned it
(18:29 / Allies) OrcishHoard: I did
(18:29 / Allies) JEWHAUS: smh guys
(18:30 / Allies) JEWHAUS: lol
(18:41 / Allies) JEWHAUS: counter hit
(18:42 / Allies) JEWHAUS: all
(18:46 / Allies) OrcishHoard: hit yel expo
(19:00 / Allies) JEWHAUS: you can oj
(19:02 / Allies) JEWHAUS: by yourself
(19:22 / Allies) OrcishHoard: go play solo pink
(19:30 / Allies) JEWHAUS: i might
(19:32 / Allies) OrcishHoard: it's a team game
(19:33 / Allies) JEWHAUS: after seeing ur skills
(19:35 / Allies) ehavne: i got teal
(19:37 / Allies) OrcishHoard: telling me to "hit myself"
(19:38 / Allies) ehavne: you guys go
(19:38 / Allies) OrcishHoard: pathetic
(21:02 / Allies) JEWHAUS: i need heal
(21:06 / Allies) JEWHAUS: badly
(21:11 / Allies) OrcishHoard: then I have a shop
(21:12 / Allies) OrcishHoard: there
(22:06 / Allies) JEWHAUS: help
(22:19 / Allies) ehavne: would love to
(22:22 / Allies) ehavne: no units
(22:30 / Allies) ehavne: no gold
(22:34 / Allies) ehavne: but oj has 8k
(22:39 / All) 1R4g3Qu1t: BOOM
(22:43 / Allies) JEWHAUS: LOL
(22:44 / Allies) JEWHAUS: LOL
(22:45 / Allies) JEWHAUS: LOL
(22:45 / Allies) JEWHAUS: LOL
(22:46 / All) JEWHAUS: trash
(22:47 / Allies) OrcishHoard: stfu
(22:49 / All) JEWHAUS: ASS
(22:51 / All) 1R4g3Qu1t: =D
(22:52 / All) JEWHAUS: orange
(22:55 / All) JEWHAUS: 8.6k gold
(23:00 / All) JEWHAUS: and tk now
(23:01 / All) JEWHAUS: :D
(23:03 / All) JEWHAUS: idc tho
(23:06 / All) 1R4g3Qu1t: whut a dick
(23:11 / All) JEWHAUS: stats are better than his
(23:12 / All) JEWHAUS: :D
(23:12 / All) OrcishHoard: pink won't stfu all game
(23:16 / All) OrcishHoard: I'm 0-0
(23:17 / Allies) CSEVEN: wow
(23:21 / Allies) CSEVEN: fucking noobs
(23:21 / All) JEWHAUS: he been had bands of gold
(23:23 / All) JEWHAUS: th
(23:25 / All) OrcishHoard: and you're not even 50%
(23:26 / All) JEWHAUS: that pussy
(23:30 / All) JEWHAUS: trash orange
(23:31 / All) JEWHAUS: gg
(23:35 / All) JEWHAUS: btw guys hes at 9k
(23:36 / All) JEWHAUS: :D
(23:42 / All) OrcishHoard: pink is a retard
(23:54 / All) jack_mehoff: GG
(25:27 / All) jack_mehoff: orange do u like it in the butt that much?
(25:33 / All) 1R4g3Qu1t: lol???
(25:48 / All) OrcishHoard: let's see how big shit you talk in 5 mins
(25:49 / All) OrcishHoard: faggot
(26:45 / All) OrcishHoard: gg leave
(26:53 / All) OrcishHoard: You lose
(28:00 / All) OrcishHoard: out
(28:30 / All) jack_mehoff: lol
(28:31 / All) jack_mehoff: busta
(28:34 / All) OrcishHoard: BOOM!
(28:42 / All) OrcishHoard: LOL
(30:10 / All) jack_mehoff: lol cmon teal
(30:13 / All) OrcishHoard: you lose
(30:15 / All) jack_mehoff: lol do what u must
(30:23 / All) OrcishHoard: do you like it in the butt that much
(30:32 / All) OrcishHoard: from where you're kneeling it must feel like an 18-karat run of bad luck
(30:32 / All) jack_mehoff: teal might kill me but u will still lose.....
(30:34 / All) OrcishHoard: but the truth is
(30:37 / All) OrcishHoard: the game was rigged from the start
(30:46 / All) jack_mehoff: hahhahahh.
(31:09 / All) jack_mehoff: in the end..it dont matter...u still go rapped orange...u aint gonna see me quit
(31:25 / All) OrcishHoard: raped green
(32:29 / All) OrcishHoard: raped
(32:31 / All) OrcishHoard: BOOM!
(32:41 / All) jack_mehoff: hahahhaha bro ud dint do shit orange
(32:46 / All) jack_mehoff: we will see who still wins
(32:54 / All) OrcishHoard: keep making excuses, bitch boy
(33:24 / All) jack_mehoff: at the end of the game I am gonna get the W....and u got rapped...its sweet how your boyfriend came to your rescue. t
(33:28 / All) jack_mehoff: that is soooo cute
(33:29 / All) OrcishHoard: nah
(33:31 / All) OrcishHoard: keep dreaming
(33:45 / All) jack_mehoff: i geuss we will see huh
(34:01 / All) OrcishHoard: we will
(34:04 / All) OrcishHoard: and you'll find I'm right
(35:53 / All) ^_-: This was a good game!
(36:06 / All) OrcishHoard: Great game
(36:11 / All) ^_-: would have been close if legit
(36:12 / All) OrcishHoard: did you enjoy it as much as I did, purp, green?
(36:40 / All) OrcishHoard: battlegrounds always seems to make for close stabs
(37:26 / All) Ourumov198: It's kind of sad that you have to go to all of this effort for a 15 year old video game
(37:34 / All) OrcishHoard: I'm having fun, are you green?
(37:36 / All) OrcishHoard: lol
(37:40 / All) ^_-: lol
(37:48 / All) ^_-: yet he desperate tried to win
(39:12 / All) ^_-: Anything left to say purple?
(39:20 / All) OrcishHoard: so what did you see, purple?
(39:22 / All) OrcishHoard: Looks like I was right
(39:52 / All) ^_-: guess the cat got his tongue
(39:59 / All) ^_-: GOOD GAME